 Dungeon Crawl Stone Soup version 0.25.1-2-g60ff931df9 (webtiles) character file.

Game seed: 264905508326114772

14228 gruber the Destroyer (level 11, -2/99 HPs)
             Began as a Green Draconian Conjurer on Dec 5, 2020.
             Was a Believer of Vehumet.
             Slain by a hippogriff (4 damage)
             ... on level 11 of the Dungeon.
             The game lasted 00:21:32 (14250 turns).

gruber the Destroyer (Green Draconian Conjurer)    Turns: 14250, Time: 00:21:32

Health: -2/99      AC: 11    Str: 11    XL:     11   Next: 86%
Magic:  3/21       EV: 15    Int: 18    God:    Vehumet [**....]
Gold:   778        SH:  0    Dex: 12    Spells: 17/24 levels left

rFire    + . .     SeeInvis .   S - +2 dagger (venom)
rCold    . . .     Gourm    .   (no shield)
rNeg     . . .     Faith    .   (armour unavailable)
rPois    +         Spirit   .   (helmet restricted)
rElec    .         Reflect  .   s - +2 cloak
rCorr    .         Harm     .   (no gloves)
MR       .....                  t - +0 pair of boots
Stlth    ++........             (no amulet)
HPRegen  0.26/turn              g - ring of protection from fire
MPRegen  0.17/turn              P - ring of wizardry

@: no status effects
A: breathe noxious fumes, unfitting armour, poison resistance, cold-blooded, AC
+7
a: Breathe Noxious Fumes, Renounce Religion


You were on level 11 of the Dungeon.
You worshipped Vehumet.
Vehumet was pleased with you.
You were not hungry.

You visited 2 branches of the dungeon, and saw 12 of its levels.
You also visited: Ossuary.

You collected 778 gold pieces.

Inventory:

Hand Weapons
 C - a +0 rapier
 S - a +2 dagger of venom (weapon)
Armour
 s - a +2 cloak (worn)
 t - a +0 pair of boots (worn)
Jewellery
 g - a ring of protection from fire (left hand)
 w - an uncursed ring of positive energy
 F - an uncursed ring of flight
 P - a ring of wizardry (right hand)
Wands
 u - a wand of acid (2)
 y - a wand of digging (3)
 A - a wand of random effects (32)
 G - a wand of iceblast (23)
 K - a wand of disintegration (6)
 M - a wand of paralysis (4)
Scrolls
 a - a scroll of fog {unknown}
 e - 5 scrolls of magic mapping {unknown}
 f - 2 scrolls of fear {unknown}
 h - 3 scrolls of teleportation {unknown}
 k - 2 scrolls of immolation {unknown}
 l - 6 scrolls of identify {unknown}
 n - 2 scrolls of random uselessness {unknown}
 r - 6 scrolls of remove curse {unknown}
 x - a scroll of blinking {unknown}
 E - 2 scrolls of vulnerability {unknown}
 H - 2 scrolls of silence {unknown}
 I - 3 scrolls of amnesia {unknown}
 L - a scroll of holy word {unknown}
 N - a scroll of noise {unknown}
 O - 3 scrolls of enchant weapon {unknown}
Potions
 c - a potion of ambrosia {unknown}
 d - a potion of berserk rage {unknown}
 i - 3 potions of resistance {unknown}
 j - 2 potions of stabbing {unknown}
 m - 7 potions of mutation {unknown}
 o - 3 potions of invisibility {unknown}
 p - 2 potions of haste {unknown}
 q - 2 potions of lignification {unknown}
 v - 3 potions of curing
 z - a potion of magic {unknown}
 B - a potion of flight {unknown}
 D - 3 potions of cancellation {unknown}
 J - 4 potions of heal wounds
 Q - 2 potions of might {unknown}
 T - a potion of brilliance {unknown}
Comestibles
 b - 21 rations


   Skills:
 - Level 10.1 Fighting
 - Level 3.0 Short Blades
 - Level 7.1 Dodging
 - Level 1.7 Stealth
 * Level 7.1 Spellcasting
 - Level 13.1 Conjurations
 - Level 1.5 Evocations


You had 17 spell levels left.
You knew the following spells:

 Your Spells              Type           Power        Failure   Level  Hunger
a - Magic Dart            Conj           ####         1%          1    None
b - Searing Ray           Conj           ######       1%          2    None
c - Iskenderun's Mystic   Conj/Tloc      ####....     3%          4    ####...

Your spell library contained the following spells:

 Spells                   Type           Power        Failure   Level  Hunger
 Mephitic Cloud           Conj/Pois/Air  ###.....     2%          3    ##.....
 Dazzling Flash           Conj/Hex       ####..       1%          3    ##.....
 Fulminant Prism          Conj/Hex       ####......   3%          4    ####...
 Animate Skeleton         Necr           N/A          4%          1    None
 Pain                     Necr           #...         4%          1    None
 Confusing Touch          Hex            #.......     13%         3    ##.....
 Gell's Gravitas          Tloc           #.........   13%         3    ##.....
 Vampiric Draining        Necr           #.........   13%         3    ##.....
 Animate Dead             Necr           N/A          38%         4    ####...
 Petrify                  Tmut/Erth      #.......     38%         4    ####...
 Agony                    Necr           #.......     71%         5    #####..
 Metabolic Englaciation   Hex/Ice        #.........   71%         5    #####..
 Yara's Violent Unravell  Hex/Tmut       #.........   71%         5    #####..


Dungeon Overview and Level Annotations

Branches:
Dungeon (11/15)            Temple (1/1) D:4            Lair (0/6) D:10
Ossuary (visited)
    Orc: D:9-12

Altars:
Ashenzari
Cheibriados
Dithmenos
Elyvilon
Fedhas
Gozag
Hepliaklqana
Kikubaaqudgha
Makhleb
Nemelex Xobeh
Okawaru
Qazlal
Ru
Sif Muna
Trog
Uskayaw
Vehumet
Wu Jian
Xom
Yredelemnul
Zin
The Shining One

Shops:
D:6 !(   D:10 =


Innate Abilities, Weirdness & Mutations

You can breathe blasts of noxious fumes.
Your lurid green scales are hard. (AC +7)
You cannot fit into any form of body armour.
Your system is resistant to poisons. (rPois)
You are cold-blooded and may be slowed by cold attacks.


Message History

The catoblepas gores you!
* * * LOW HITPOINT WARNING * * *
The searing ray hits the catoblepas!
The catoblepas is almost dead.
The hippogriff bites you.
* * * LOW HITPOINT WARNING * * *
The hippogriff pecks you but does no damage.
The hippogriff claws you but does no damage.
The catoblepas breathes a plume of calcifying dust at you.
The blast of calcifying dust hits you.
* * * LOW HITPOINT WARNING * * *
Unknown command.
The searing ray hits the catoblepas!
You kill the catoblepas!
Vehumet accepts your kill.
Your Spellcasting skill increases to level 7!
You are engulfed in calcifying dust.
The hippogriff bites you.
* * * LOW HITPOINT WARNING * * *
The hippogriff misses you. The hippogriff claws you.
You die...

#...# #...#
##...## #.....#
##.....##
###....(..###
##...........#
+......#......
#..@ยงยง........
#'##H......##+
#.. ##.....##
#... #.....#
+... #..#..#
#... #..9..#
##.. #.....# ##+
......


You could see a hippogriff and a gargoyle.

Vanquished Creatures
  Josephine (D:10)
  Erica (D:8)
  A catoblepas (D:11)
  A hydra (D:8)
  2 two-headed ogres
  Nergalle (D:10)
  A centaur zombie (D:10)
  A manticore (D:11)
  A cyclops (D:8)
  2 gargoyles
  A troll (D:6)
  2 dream sheep (D:8)
  2 hornets (D:10)
  A hippogriff (D:10)
  A wyvern (D:9)
  3 wraiths (D:10)
  6 yaks
  Sigmund (D:2)
  A basilisk (D:10)
  Grum (D:9)
  Duvessa (D:4)
  5 porcupines (D:10)
  3 orc warriors
  4 ice beasts
  A phantom (D:5)
  4 wolves (D:9)
  8 ogres
  3 centaurs
  3 crocodiles (D:10)
  An elf zombie (Ossuary)
  4 big kobolds
  8 bullfrogs
  Dowan (D:4)
  A scorpion (D:7)
  3 wights (D:7)
  2 crimson imps
  An orc priest (D:10)
  6 hounds
  Ijyb (D:4)
  Natasha (thrice) (D:2)
  9 worker ants
  3 orc wizards
  A statue (D:6)
  A hound zombie (D:7)
  A hound skeleton (D:10)
  5 mummies
  A howler monkey zombie (D:7)
  9 gnolls
  10 adders
  A shadow imp (D:5)
  2 oozes
  3 adder zombies
  2 adder skeletons
  A worm (D:2)
  6 leopard geckos
  21 orcs
  2 giant cockroaches (D:2)
  7 goblins
  8 hobgoblins
  13 jackals
  4 quokkas
  A ball python (D:3)
  7 bats
  5 frilled lizards
  A goblin zombie (Ossuary)
  A hobgoblin zombie (Ossuary)
  A jackal zombie (Ossuary)
  10 kobolds
  3 kobold zombies (Ossuary)
  An orc zombie (Ossuary)
  6 rats
  2 rat zombies (Ossuary)
  A spectral orc (D:7)
243 creatures vanquished.

Vanquished Creatures (others)
  A leopard gecko (D:4)
  A bush (D:10)
  A fungus (D:10)
  8 plants (D:10)
11 creatures vanquished.

Grand Total: 254 creatures vanquished

Notes
Turn   | Place    | Note
-------+----------+-------------------------------------------
     0 | D:1      | gruber the Draconian Conjurer began the quest for the Orb.
     0 | D:1      | Reached XP level 1. HP: 14/14 MP: 3/3
   445 | D:1      | Reached XP level 2. HP: 15/20 MP: 0/5
   587 | D:1      | Found a glowing golden altar of the Shining One.
  1550 | D:2      | Noticed Sigmund
  1576 | D:1      | Reached XP level 3. HP: 5/26 MP: 1/6
  1708 | D:1      | Learned a level 2 spell: Searing Ray
  1802 | D:2      | Killed Sigmund
  1802 | D:2      | Reached skill level 1 in Short Blades
  1802 | D:2      | Reached skill level 6 in Conjurations
  1802 | D:2      | Reached XP level 4. HP: 27/33 MP: 0/7
  1802 | D:2      | Reached XP level 5. HP: 32/38 MP: 0/8
  2508 | D:2      | Noticed Natasha
  2513 | D:2      | Killed Natasha
  2716 | D:2      | Noticed Natasha
  2721 | D:2      | Killed Natasha
  2810 | D:2      | Noticed Natasha
  2815 | D:2      | Killed Natasha
  2815 | D:2      | Reached XP level 6. HP: 36/45 MP: 5/9
  3095 | D:3      | Found a shadowy altar of Dithmenos.
  3179 | D:3      | Found a shimmering altar of Xom.
  4270 | D:4      | Found a shattered altar of Ashenzari.
  4270 | D:4      | Found a stormy altar of Qazlal.
  4323 | D:4      | Reached skill level 7 in Conjurations
  4336 | D:4      | Noticed Ijyb
  4349 | D:4      | Killed Ijyb
  4435 | D:4      | Found a staircase to the Ecumenical Temple.
  4443 | D:4      | Noticed Dowan
  4443 | D:4      | Noticed Duvessa
  4472 | D:4      | Killed Duvessa
  4472 | D:4      | Your scales start taking on a lurid green colour.
  4472 | D:4      | Reached XP level 7. HP: 8/50 MP: 2/11
  4472 | D:4      | Gained mutation: Your system is resistant to poisons.
                  | (rPois) [Green Draconian growth]
  4768 | D:4      | Killed Dowan
  5116 | D:5      | Entered Level 5 of the Dungeon
  5427 | D:5      | Reached skill level 8 in Conjurations
  5690 | D:5      | Learned a level 4 spell: Iskenderun's Mystic Blast
  6195 | D:6      | Found Toge's Distillery.
  6200 | D:6      | Reached XP level 8. HP: 46/57 MP: 8/13
  6209 | D:6      | Reached skill level 1 in Evocations
  6243 | D:6      | Found Xefyb's Weapon Shop.
  6358 | D:6      | Reached skill level 9 in Conjurations
  6368 | D:6      | Noticed a troll
  6469 | D:6      | Found a sand-covered staircase.
  6479 | Ossuary  | Entered an ossuary
  7009 | D:6      | Killed a troll
  7009 | D:6      | Reached skill level 5 in Spellcasting
  7093 | D:6      | Reached skill level 10 in Conjurations
  7182 | Temple   | Entered the Ecumenical Temple
  7399 | D:6      | Found a radiant altar of Vehumet.
  7409 | D:6      | Became a worshipper of Vehumet
  7989 | D:7      | Reached XP level 9. HP: 62/62 MP: 12/16
  8036 | D:7      | Found a basalt altar of Yredelemnul.
  8312 | D:8      | Found an opulent altar of Gozag.
  8427 | D:8      | Found a blossoming altar of Fedhas.
  8478 | D:8      | Noticed a gargoyle
  8478 | D:8      | Noticed a cyclops
  8479 | D:8      | Noticed a two-headed ogre
  8490 | D:8      | Killed a two-headed ogre
  8490 | D:8      | Reached skill level 11 in Conjurations
  8867 | D:8      | Found a white marble altar of Elyvilon.
  8869 | D:8      | Noticed Erica
  9039 | D:8      | Killed Erica
  9039 | D:8      | Reached skill level 12 in Conjurations
  9263 | D:8      | Found a sacrificial altar of Ru.
  9384 | D:8      | Killed a gargoyle
  9384 | D:8      | Reached skill level 13 in Conjurations
  9384 | D:8      | Reached XP level 10. HP: 13/69 MP: 14/17
  9737 | D:8      | Killed a cyclops
  9860 | D:8      | Reached * piety under Vehumet
  9860 | D:8      | Offered knowledge of Foxfire by Vehumet.
  9860 | D:8      | Reached skill level 5 in Fighting
  9997 | D:8      | Noticed a three-headed hydra
 10004 | D:8      | Killed a three-headed hydra
 10278 | D:9      | Found an ornate altar of the Wu Jian Council.
 10501 | D:9      | Noticed Grum
 10509 | D:9      | Killed Grum
 10865 | D:9      | Found a sparkling altar of Nemelex Xobeh.
 11864 | D:10     | Entered Level 10 of the Dungeon
 11873 | D:10     | Found Ozaqaatye's Jewellery Shop.
 11892 | D:10     | Offered knowledge of Sandblast by Vehumet.
 11957 | D:10     | Noticed Josephine
 11990 | D:10     | Noticed a two-headed ogre
 12000 | D:10     | Killed a two-headed ogre
 12000 | D:10     | Reached skill level 10 in Fighting
 12000 | D:10     | Reached XP level 11. HP: 92/99 MP: 6/18
 12034 | D:10     | Reached ** piety under Vehumet
 12575 | D:10     | Found a staircase to the Lair.
 12678 | D:10     | Reached skill level 5 in Dodging
 12963 | D:10     | Killed Josephine
 13151 | D:10     | Noticed Nergalle
 13164 | D:10     | Killed Nergalle
 13165 | D:10     | Offered knowledge of Mephitic Cloud by Vehumet.
 14234 | D:11     | Noticed a catoblepas
 14250 | D:11     | Killed a catoblepas
 14250 | D:11     | HP: 2/99 [hippogriff (3)]
 14250 | D:11     | Slain by a hippogriff

Illustrated notes

Levels and vault maps discovered:
D:1:      scummos_arrival_simple_fountains, layout_rooms,
          serial_co_window_serial, co_window_corner_a,
          co_window_of_opportunity_a, co_window_paths_b, co_window_cross_1,
          co_window_of_opportunity_a, co_window_corner_a, co_window_paths_a,
          co_window_2corner, co_window_of_opportunity_b, co_window_corner_cb,
          glass_columns_a, glass_columns_a, glass_columns_b, glass_columns_a,
          tso_altar
D:2:      layout_basic, uniq_sigmund, uniq_natasha
D:3:      layout_loops_cross, old_standard_altar, lemuel_doored_altar,
          first_ration
D:4:      layout_basic, amethyst_overflow_temple_binary,
          minmay_temple_entry_gardened_gates, uniq_duvessa, uniq_ijyb
D:5:      layout_basic
D:6:      layout_rooms, vehumet_statue, serial_shops, nicolae_shop_waterfront,
          kennysheep_mini, gup_ossuary_entry_pyramid, skrybe_limestone_x
D:7:      layout_cave_pools, yredelemnul_forgotten_temple_becter
D:8:      minmay_bloctagon_deflated, layout_loops_ring,
          nicolae_ru_sacrificial_ziggurat, old_standard_altar,
          grunt_gozag_breadcrumbs, hangedman_ranch [blue_anna_fruit_fields],
          elyvilon_altar_4, uniq_erica
D:9:      layout_long_grid, old_standard_altar, overflow_temple_1_default,
          uniq_grum
D:10:     layout_long_grid, minmay_lair_entry_grove, serial_shops,
          nicolae_shop_stone, uniq_nergalle, uniq_josephine
D:11:     minmay_box_of_curves, layout_basic, eino_jars
Temple:   jpeg_temple_clearing

Skill      XL: |  1  2  3  4  5  6  7  8  9 10 11 |
---------------+----------------------------------+-----
Short Blades   | 1 2 3 |  3.0
Conjurations   | 6 7 8 10 13 | 13.1
Spellcasting   | 3 5 7 |  7.1
Evocations     | 1 |  1.5
Fighting       | 10 | 10.1
Dodging        | 7 |  7.1
Stealth        | |  1.7

Action                   |  1- 3 |  4- 6 |  7- 9 | 10-12 || total
-------------------------+-------+-------+-------+-------++-------
Melee: Unarmed           |    28 |       |       |       ||    28
       Tailslap          |     7 |    14 |     8 |    15 ||    44
       Short sword       |    38 |   137 |    46 |       ||   221
       Rapier            |       |       |    45 |    44 ||    89
       Dagger            |       |       |       |    59 ||    59
 Cast: Magic Dart        |    16 |     2 |     3 |    10 ||    31
       Searing Ray       |     1 |    16 |    51 |    78 ||   146
 Abil: Breathe Noxious F |       |       |     5 |    10 ||    15
Evoke: Wand              |       |     1 |    10 |     1 ||    12
  Use: Potion            |     1 |     1 |       |       ||     2
 Stab: Sleeping          |     4 |     3 |     1 |     2 ||    10
  Eat: Chunk             |     3 |     9 |    11 |    14 ||    37
       Ration            |       |       |     2 |     1 ||     3
Armor: Skin              |    25 |    47 |    62 |    86 ||   220
Dodge: Dodged            |    67 |    92 |    99 |   157 ||   415
